 Dungeon Crawl Stone Soup version 0.22-b1-21-g5cfc1688f2 (webtiles) character file.

4585 IceCat the Basher (level 10, 0/90 HPs)
             Began as a Gargoyle Fighter on Aug 5, 2018.
             Was a Priest of Okawaru.
             Killed from afar by Erolcha (12 damage)
             ... with a crystal spear
             ... on level 9 of the Dungeon.
             The game lasted 00:28:44 (7630 turns).

IceCat the Basher (Gargoyle Fighter)                Turns: 7630, Time: 00:28:44

Health: 0/90       AC: 25    Str: 23    XL:     10   Next: 41%
Magic:  0/22       EV:  2    Int:  9    God:    Okawaru [***...]
Gold:   342        SH: 11    Dex:  9    Spells: 9/9 levels left

rFire    . . .     SeeInvis .   a - +0 flail
rCold    + . .     Gourm    .   c - +0 shield
rNeg     + + +     Faith    .   (armour currently unavailable)
rPois    ∞         Spirit   +   (helmet currently unavailable)
rElec    .         Reflect  .   (cloak currently unavailable)
rCorr    .         Harm     .   (gloves currently unavailable)
MR       .....     NoTele   +   (boots currently unavailable)
Stlth    +.........             b - amulet of guardian spirit
HPRegen  0.25/turn              A - ring of magical power
MPRegen  0.18/turn              n - ring of protection from cold

@: tree-form
A: negative energy resistance 1, petrification resistance, rot immunity, AC +7
a: Heroism, Renounce Religion


You were on level 9 of the Dungeon.
You worshipped Okawaru.
Okawaru was most pleased with you.
You were not hungry.
You were a tree.
You visited 2 branches of the dungeon, and saw 11 of its levels.

You collected 452 gold pieces.
You spent 110 gold pieces at shops.

Inventory:

Hand Weapons
 a - a +0 flail (weapon)
Armour
 c - a +0 shield (worn)
 t - a +0 chain mail
 v - a +2 pair of boots (melded)
 x - a +0 cloak (melded)
 y - the cursed +0 chain mail "Waviwun" (melded) {*Drain rC+++ MR- Regen+}
   (You found it on level 7 of the Dungeon)

   It renders you almost immune to cold.
   It affects your resistance to hostile enchantments.
   It increases your rate of regeneration.
   It causes draining when unequipped.
   It has a curse placed upon it.
Jewellery
 b - an amulet of guardian spirit (around neck)
 n - a ring of protection from cold (right branch)
 q - a +3 ring of evasion
 s - an uncursed amulet of magic regeneration
 A - a ring of magical power (left branch)
Wands
 B - a wand of flame (12)
 D - a wand of random effects (13)
Scrolls
 d - a scroll of noise {unknown}
 e - a scroll of immolation {unknown}
 g - 3 scrolls of teleportation {unknown}
 i - 7 scrolls of identify {unknown}
 j - a scroll of enchant weapon {unknown}
 k - 2 scrolls of enchant armour {unknown}
 o - a scroll of fog {unknown}
 p - 2 scrolls of random uselessness {unknown}
 r - 3 scrolls of remove curse {unknown}
Potions
 h - a potion of berserk rage {unknown}
 l - 3 potions of magic
 m - a potion of flight {unknown}
 u - a potion of cancellation {unknown}
 w - 3 potions of ambrosia {unknown}
 z - a potion of curing {unknown}
 C - 4 potions of degeneration {unknown}
 F - a potion of lignification
Comestibles
 f - 15 rations
 E - 8 chunks of flesh


   Skills:
 + Level 5.8 Fighting
 * Level 10.2 Maces & Flails
 + Level 6.5 Armour
 + Level 3.0 Dodging
 + Level 0.3 Stealth
 + Level 7.7 Shields
 * Level 4.6 Invocations
 + Level 0.2 Evocations


You had 9 spell levels left.
You didn't know any spells.
Your spell library was empty.

Dungeon Overview and Level Annotations

Branches:
Dungeon (10/15)            Temple (1/1) D:7            Lair (0/6) D:8
    Orc: D:9-12

Altars:
Ashenzari
Dithmenos
Elyvilon
Fedhas
Gozag
Hepliaklqana
Kikubaaqudgha
Makhleb
Nemelex Xobeh
Okawaru
Qazlal
Ru
Sif Muna
Trog
Uskayaw
Vehumet
Wu Jian
Xom
Yredelemnul
Zin
The Shining One

Shops:
D:4 *   D:6 *

Annotations:
D:6 3 runed doors, IceCat's ghost, novice GrFi
D:9 Erolcha


Innate Abilities, Weirdness & Mutations

You are resistant to torment.
((Your stone body is resilient. (AC +7)))
You are immune to poison.
You resist negative energy. (rN+)
((You are resistant to electric shocks. (rElec)))
((You can survive without breathing.))
You are immune to petrification.
You are immune to rotting.


Message History

Erolcha is heavily wounded.
Erolcha drinks a potion.
Erolcha is healed!
You hit Erolcha but do no damage.
Erolcha is lightly wounded.
Erolcha hits you with a giant club.
* * * LOW HITPOINT WARNING * * *
You completely miss Erolcha.
Erolcha is lightly wounded.
Erolcha casts a spell at you. The bolt of cold hits you!
You sock Erolcha!
Erolcha is moderately wounded.
You block Erolcha's attack.
You closely miss Erolcha.
Erolcha is moderately wounded.
You closely miss Erolcha.
Erolcha is moderately wounded.
Erolcha gestures at you while chanting. The crystal spear hits you!
You die...

#######...........##...#....#.###
........#.###.##.###...#.........
#######.#..............#....#.###
#.#####.##.###...#......### #.#
#.##.................
#.#####..........#....#.###
#.##....######..##....#.# #
#######.######..##....#.###
#...♣O...............
########..##....#.###
#..##......... #.............
##.##.#.##.### #.##.#.##.#
###########


You could see Erolcha.

Vanquished Creatures
  An unseen horror (D:9)
  A hornet (D:8)
  A hippogriff (D:7)
  6 yaks (D:10)
  2 hungry ghosts
  An orc warrior (D:7)
  A black bear (D:8)
  2 phantoms
  3 centaurs
  3 ogres
  A big kobold (D:8)
  3 bullfrogs
  2 water moccasin skeletons
  10 killer bees
  3 howler monkeys (D:8)
  2 crimson imps
  A bullfrog skeleton (D:8)
  A bullfrog zombie (D:5)
  4 hounds
  A centaur skeleton (D:7)
  A jelly (D:6)
  2 orc priests
  2 orc wizards
  2 iguanas
  6 worker ants
  A killer bee zombie (D:8)
  10 adders
  3 gnolls (D:7)
  A shadow imp (D:6)
  An adder skeleton (D:4)
  A dart slug (D:2)
  6 leopard geckos
  22 orcs
  10 bats
  3 giant cockroaches
  5 goblins
  5 hobgoblins
  4 jackals (D:6)
  5 quokkas
  3 frilled lizards
  A jackal skeleton (D:4)
  7 kobolds
  A quokka skeleton (D:4)
  8 rats
159 creatures vanquished.

Vanquished Creatures (others)
  A human (D:7)
  A quokka (D:7)
2 creatures vanquished.

Grand Total: 161 creatures vanquished

Notes
Turn   | Place    | Note
-------+----------+-------------------------------------------
     0 | D:1      | IceCat the Gargoyle Fighter began the quest for the Orb.
     0 | D:1      | Reached XP level 1. HP: 14/14 MP: 1/1
   227 | D:1      | Reached XP level 2. HP: 16/19 MP: 2/2
   925 | D:2      | Reached XP level 3. HP: 22/24 MP: 3/3
  1100 | D:2      | Reached XP level 4. HP: 23/29 MP: 4/4
  1532 | D:3      | Found a shimmering altar of Xom.
  2006 | D:4      | Reached skill level 3 in Maces & Flails
  2052 | D:4      | Reached XP level 5. HP: 11/33 MP: 5/5
  2114 | D:4      | Reached skill level 1 in Dodging
  2265 | D:4      | Found a shadowy altar of Dithmenos.
  2317 | D:4      | Found Unuestri's Assorted Antiques.
  2324 | D:4      | Bought a glowing sapphire ring for 110 gold pieces
  2493 | D:4      | Reached XP level 6. HP: 37/38 MP: 6/6
  2684 | D:4      | Reached skill level 4 in Maces & Flails
  2779 | D:4      | Noticed an orc warrior
  2821 | D:5      | Entered Level 5 of the Dungeon
  2821 | D:5      | Found a blossoming altar of Fedhas.
  2830 | D:5      | Found a shattered altar of Ashenzari.
  2842 | D:5      | Reached skill level 5 in Maces & Flails
  2842 | D:5      | Reached XP level 7. HP: 13/43 MP: 7/7
  3087 | D:5      | Reached skill level 5 in Shields
  3271 | D:5      | Reached skill level 6 in Maces & Flails
  3601 | D:6      | Noticed IceCat's ghost (novice GrFi)
  3601 | D:6      | Noticed a vampire mosquito
  3602 | D:6      | Noticed a troll
  3613 | D:6      | Found a runed gate.
  3613 | D:6      | Found a runed gate.
  3613 | D:6      | Found a runed gate.
  3962 | D:6      | Found Dod Ocei's Assorted Antiques.
  4237 | D:7      | Reached XP level 8. HP: 48/48 MP: 8/8
  4399 | D:7      | Got a shimmering chain mail
  4410 | D:7      | Identified the cursed +0 chain mail "Waviwun" {*Drain rC+++ MR- Regen+} (You found it on level 7 of the Dungeon)
  4423 | D:7      | Found an ancient bone altar of Kikubaaqudgha.
  4496 | D:7      | Found a white marble altar of Elyvilon.
  4505 | D:7      | Reached skill level 7 in Maces & Flails
  4519 | D:7      | Reached skill level 5 in Armour
  4754 | D:7      | Found a staircase to the Ecumenical Temple.
  4764 | Temple   | Entered the Ecumenical Temple
  4801 | Temple   | Became a worshipper of Warmaster Okawaru
  4971 | D:7      | Noticed a hippogriff
  4982 | D:7      | Killed a hippogriff
  5053 | D:7      | Found a sparkling altar of Nemelex Xobeh.
  5177 | D:7      | Reached skill level 8 in Maces & Flails
  5637 | D:8      | Reached skill level 5 in Fighting
  5637 | D:8      | Reached skill level 1 in Invocations
  5637 | D:8      | Reached XP level 9. HP: 51/54 MP: 9/9
  5653 | D:8      | Found a hide-covered altar of Uskayaw.
  5697 | D:8      | Reached * piety under Okawaru
  5782 | D:8      | Found a bloodstained altar of Trog.
  5922 | D:8      | Found a hazy altar of Hepliaklqana.
  6059 | D:8      | Found a staircase to the Lair.
  6376 | D:9      | Noticed a hornet
  6422 | D:8      | Killed a hornet
  6422 | D:8      | Reached ** piety under Okawaru
  6427 | D:8      | Reached skill level 9 in Maces & Flails
  6561 | D:9      | Killed an unseen horror
  6561 | D:9      | Reached *** piety under Okawaru
  6677 | D:9      | Reached XP level 10. HP: 60/60 MP: 12/12
  6838 | D:9      | Found a glowing golden altar of the Shining One.
  7013 | D:9      | Found a burning altar of Makhleb.
  7391 | D:10     | Entered Level 10 of the Dungeon
  7474 | D:10     | Reached skill level 10 in Maces & Flails
  7522 | D:10     | Noticed Erolcha
  7630 | D:9      | Killed from afar by Erolcha

Skill      XL: |  1  2  3  4  5  6  7  8  9 10 |
---------------+-------------------------------+-----
Shields        | 4 5 6 7 |  7.7
Maces & Flails | 3 5 6 8 9 10 | 10.2
Dodging        | 1 2 3 |  3.0
Armour         | 4 5 6 |  6.5
Fighting       | 4 5 |  5.8
Invocations    | 1 3 4 |  4.6
Stealth        | |  0.3
Evocations     | |  0.2

Action                   |  1- 3 |  4- 6 |  7- 9 | 10-12 || total
-------------------------+-------+-------+-------+-------++-------
Melee: Flail             |   151 |   164 |   582 |   222 ||  1119
Evoke: Wand              |       |       |     5 |       ||     5
  Use: Potion            |       |     2 |     3 |     1 ||     6
  Eat: Chunk             |     1 |     6 |    10 |     2 ||    19
       Ration            |       |       |     3 |       ||     3
Armor: Scale mail        |    98 |    79 |    33 |       ||   210
       Chain mail        |       |       |   317 |   103 ||   420
       Skin              |       |       |    23 |     1 ||    24
Dodge: Dodged            |    61 |    85 |   210 |    62 ||   418
Block: Shield            |    82 |    97 |   285 |   113 ||   577
